 Dungeon Crawl Stone Soup version 0.29.1-4-g47bece8355 (webtiles) character file.

Game seed: 3294269101672566356

14 H0rd4k the Charlatan (level 2, 0/16 (19) HPs)
             Began as an Octopode Artificer on Dec 5, 2022.
             Slain by an endoplasm (3 damage)
             ... on level 1 of the Dungeon.
             The game lasted 00:00:32 (914 turns).

H0rd4k the Charlatan (Octopode Artificer)            Turns: 914, Time: 00:00:32

HP:   0/16 (19)     AC:  1    Str: 11    XL:     2   Next: 45%
MP:   3/3           EV: 13    Int: 13    God:
Gold: 18            SH:  0    Dex: 12    Spells: 3/3 levels left

rFire   . . .      SeeInvis .   (no weapon)
rCold   . . .      Faith    .   (no shield)
rNeg    . . .      Spirit   .   (helmet restricted)
rPois   .          Reflect  .   (no amulet)
rElec   .          Harm     .   (no ring)
rCorr   .          Rampage  .   (no ring)
Will    .....                   (no ring)
Stlth   +++.......              (no ring)
HPRegen 0.05/turn               (no ring)
MPRegen 0.08/turn               (no ring)
                                (no ring)
                                (no ring)

@: heavily drained
A: almost no armour, amphibious, 8 rings, camouflage 1, gelatinous body 1,
(nimble swimmer 1), tentacles
a: no special abilities


You were on level 1 of the Dungeon.
You visited 1 branch of the dungeon, and saw 1 of its levels.

You collected 18 gold pieces.

Inventory:

Wands
 b - a wand of flame (15) (quivered)
 c - a wand of charming (14)
 d - a wand of iceblast (5)
Scrolls
 a - a scroll of blinking {unknown}
 e - 2 scrolls of identify {unknown}
 f - 2 scrolls of fear {unknown}
 h - a scroll of silence {unknown}
 j - a scroll of enchant weapon {unknown}
Potions
 g - a potion of heal wounds {unknown}
 i - a potion of invisibility {unknown}


   Skills:
 * Level 1.6 Fighting
 - Level 2.3 Dodging
 - Level 1.3 Stealth
 + Level 0.5 Unarmed Combat
 * Level 1.0 Spellcasting
 - Level 3.2 Evocations


You had 3 spell levels left.
You didn't know any spells.
Your spell library was empty.

Dungeon Overview and Level Annotations

Branches:
Dungeon (1/15)

Altars:


Innate Abilities, Weirdness & Mutations

You cannot wear most types of armour.
You are amphibious.
You can wear up to eight rings at the same time.
Your skin changes colour to match your surroundings (Stealth+).
Your rubbery body absorbs attacks. (AC +1, EV +1)
((You are camouflaged when in or above water. (Stealth+)))
You have tentacles for arms and can constrict up to eight enemies at once.


Message History

You see here a rat corpse.
No target in view!
A kobold comes into view. It is wielding a +0 whip of draining.
The kobold shouts!
A hobgoblin comes into view.
There are monsters nearby!
There are monsters nearby!
A hobgoblin comes into view.
There are monsters nearby!
The endoplasm quivers.
The hobgoblin shouts!
You tentacle-slap the kobold. Your grab misses the kobold.
The kobold is moderately wounded.
The kobold hits you with a +0 whip of draining.
You feel drained.
A ball python comes into view.
The kobold attacks as you move away! The kobold hits you but does no damage.
You feel drained. The hobgoblin attacks as you move away!
The hobgoblin hits you. The kobold attacks as you move away!
The kobold barely misses you. The hobgoblin attacks as you move away!
The hobgoblin hits you.
You barely miss the kobold. Your grab misses the kobold.
You squeeze the kobold.
You kill the kobold!
You completely miss the hobgoblin. You grab the hobgoblin.
You squeeze the hobgoblin.
You kill the hobgoblin!
You tentacle-slap the hobgoblin but do no damage.
You grab the hobgoblin.
You constrict the hobgoblin, but do no damage.
The hobgoblin hits you.
* * * LOW HITPOINT WARNING * * *
You release your grip on the hobgoblin.
Aiming: Charm
Press: ? - help, Shift-Dir - straight line, f - hobgoblin
Aim: a hobgoblin (chance to affect: 73%)
The hobgoblin struggles to resist.
The hobgoblin hits you but does no damage.
The endoplasm hits you.
You die...

.#.....#...#.......###.#†.
###...###..............#..
.#.....#..##........#..)..
....................#.###.
..................#.#.....
...............###....##..
........).................
......###gJ.....########..
...... #@......## #..
..... #†.......... ..
......###†......####
.........†.>.......
####.##########.### .# .#


You could see an endoplasm and a hobgoblin.

Vanquished Creatures
  An endoplasm (D:1)
  2 goblins (D:1)
  3 hobgoblins (D:1)
  2 kobolds (D:1)
  2 ball pythons (D:1)
  3 bats (D:1)
  2 rats (D:1)
15 creatures vanquished.

Notes
Turn   | Place    | Note
-------+----------+-------------------------------------------
     0 | D:1      | H0rd4k the Octopode Artificer began the quest for the Orb.
     0 | D:1      | Reached XP level 1. HP: 13/13 MP: 1/1
   544 | D:1      | Reached XP level 2. HP: 16/18 MP: 1/3
   892 | D:1      | Reached skill level 1 in Spellcasting
   914 | D:1      | Slain by an endoplasm

Illustrated notes

Levels and vault maps discovered:
D:1:      dpeg_arrival_refuge, layout_basic, minmay_strange_pillars,
          amethyst_killhole, minmay_tromino_i4

Skill      XL: |  1  2 |
---------------+-------+-----
Spellcasting   | 1 |  1.0
Fighting       | |  1.6
Dodging        | |  2.3
Stealth        | |  1.3
Unarmed Combat | |  0.5
Evocations     | |  3.2

Action                   || total
-------------------------++-------
Melee: Unarmed           ||    45
       Constrict         ||    10
       Tentacles         ||     5
       Punch             ||     1
Evoke: Wand              ||     1
 Stab: Sleeping          ||     3
Armor: Skin              ||     5
Dodge: Dodged            ||    35
